 Dungeon Crawl Stone Soup version 0.27-a0-1149-g4505690ab0 (webtiles) character file.

Game seed: 2424827265542471537

40 Azzok the Chopper (level 3, -3/29 HPs)
             Began as a Formicid Fighter on May 13, 2021.
             Slain by Ijyb
             ... wielding a +0 vampiric dagger
              (5 damage)
             ... on level 2 of the Dungeon.
             The game lasted 00:01:26 (1526 turns).

Azzok the Chopper (Formicid Fighter)                Turns: 1526, Time: 00:01:27

Health: -3/29      AC:  0    Str: 20    XL:     3   Next: 72%
Magic:  3/3        EV: 13    Int:  7    God:
Gold:   58         SH:  0    Dex: 11    Spells: 2/2 levels left

rFire    . . .     SeeInvis .   (weapon currently unavailable)
rCold    . . .     Faith    .   (shield currently unavailable)
rNeg     . . .     Spirit   .   (armour currently unavailable)
rPois    .         Reflect  .   (helmet unavailable)
rElec    .         Harm     .   (cloak currently unavailable)
rCorr    .         Rampage  .   (gloves currently unavailable)
Will     .....                  (boots currently unavailable)
Stlth    +.........             (no amulet)
HPRegen  0.09/turn              (ring currently unavailable)
MPRegen  0.08/turn              (ring currently unavailable)

@: pig-form (expiring), very quick
A: fast, no casting, permanent stasis, dig shafts and tunnels, small, (antennae
3), four strong arms
a: no special abilities


You were on level 2 of the Dungeon.
You were a filthy swine.
You visited 1 branch of the dungeon, and saw 2 of its levels.

You collected 58 gold pieces.

Inventory:

Hand Weapons
 a - a +0 war axe (melded)
Armour
 c - a +0 kite shield
 p - a +0 plate armour (melded)
Scrolls
 b - a scroll of enchant weapon {unknown}
 e - a scroll of blinking {unknown}
 k - a scroll of vulnerability {unknown}
 l - a scroll of enchant armour {unknown}
 m - 2 scrolls of teleportation {unknown}
 n - a scroll of identify {unknown}
 o - a scroll of fear {unknown}
Potions
 d - a potion of might
 f - a potion of lignification {unknown}
 g - a potion of haste {unknown}
 h - a potion of curing {unknown}
 i - a potion of flight {unknown}
 j - a potion of cancellation {unknown}


   Skills:
 - Level 3.2 Fighting
 + Level 3.8 Axes
 - Level 3.2 Armour
 - Level 3.6 Shields


You had 2 spell levels left.
You didn't know any spells.
Your spell library contained the following spells:

 Spells                   Type           Power      Damage    Failure   Level
 Animate Skeleton         Necr           0%         N/A       43%         1
 Apportation              Tloc           0%         N/A       43%         1
 Corona                   Hex            0%         N/A       43%         1
 Magic Dart               Conj           0%         1d3       43%         1
 Summon Small Mammal      Summ           0%         N/A       43%         1
 Searing Ray              Conj           0%         3d3       56%         2
 Dazzling Flash           Conj/Hex       0%         N/A       80%         3
 Fulminant Prism          Conj/Hex       0%         3d6       99%         4
 Iskenderun's Mystic Bla  Conj/Tloc      0%         2d3       99%         4


Dungeon Overview and Level Annotations

Branches:
Dungeon (2/15)

Altars:

Annotations:
D:2 Ijyb


Innate Abilities, Weirdness & Mutations

You are a filthy swine.
You move quickly.
Your equipment is almost entirely melded.
You are incapable of wielding weapons or throwing items.
You cannot cast spells.
You cannot be hasted, slowed, berserked, paralysed or teleported.
You can dig through walls and to a lower floor.
((You have a pair of large antennae on your head. (SInv)))
Your four strong arms can wield two-handed weapons with a shield.


Message History

You barely miss the goblin.
The goblin is heavily wounded.
Ijyb hits you with a +0 vampiric dagger.
* * * LOW HITPOINT WARNING * * *
The goblin hits you with a +0 club.
* * * LOW HITPOINT WARNING * * *
You barely miss the goblin.
The goblin is heavily wounded.
Ijyb barely misses you. The goblin closely misses you.
You closely miss the goblin.
The goblin is heavily wounded.
Ijyb barely misses you.
You hit the goblin.
You kill the goblin!
Ijyb hits you with a +0 vampiric dagger.
* * * LOW HITPOINT WARNING * * *
Things that are here:
a +0 club; a goblin corpse You closely miss Ijyb.
Ijyb is moderately wounded.
Your transformation is almost over.
Ijyb closely misses you.
You closely miss Ijyb.
Ijyb is moderately wounded.
Ijyb barely misses you.
You hit Ijyb but do no damage.
Ijyb is moderately wounded.
Ijyb zaps a wand.
You resist with some effort.
You hit Ijyb.
Ijyb is moderately wounded.
Ijyb hits you with a +0 vampiric dagger.
* * * LOW HITPOINT WARNING * * *
Ijyb draws strength from your wounds!
You closely miss Ijyb.
Ijyb is moderately wounded.
Ijyb closely misses you.
You barely miss Ijyb.
Ijyb is moderately wounded.
Ijyb hits you with a +0 vampiric dagger.
You die...

▒···▒·▒▒▒·▒ ▒·········
▒▒▒·▒·····▒ ▒········· ▒···▒▒▒▒▒
▒········· ▒▒▒·▒<▒▒
▒▒▒▒▒▒▒········· ▒······▒
▒···············
▒▒▒·▒····▒▒▒▒▒▒▒▒▒··▒▒▒▒▒▒▒▒▒▒▒▒▒
▒···<····▒·8·8·8)8··▒
▒·▒▒·····▒······)···▒
▒········▒······hg··▒
▒▒▒▒▒····▒··········▒
▒····▒(·········▒
▒····▒··········▒
▒····▒·8·8·8·8··▒
▒····▒▒▒▒▒▒▒▒▒▒▒▒ ▒▒▒▒
▒···)·······▒ ▒··· ▒▒▒▒········▒
▒··· ▒········▒▒▒▒ ▒···


You could see Ijyb.

Vanquished Creatures
  A dart slug (D:1)
  3 endoplasms (D:1)
  10 goblins
  3 hobgoblins
  4 jackals (D:2)
  A quokka (D:1)
  A bat (D:1)
  3 frilled lizards
  3 kobolds (D:1)
  5 rats
34 creatures vanquished.

Notes
Turn   | Place    | Note
-------+----------+-------------------------------------------
     0 | D:1      | Azzok the Formicid Fighter began the quest for the Orb.
     0 | D:1      | Reached XP level 1. HP: 18/18 MP: 1/1
   256 | D:1      | Reached XP level 2. HP: 24/24 MP: 2/2
   794 | D:1      | Reached XP level 3. HP: 29/29 MP: 3/3
  1177 | D:2      | Found a faded altar of an unknown god.
  1504 | D:2      | Noticed Ijyb
  1526 | D:2      | Slain by Ijyb

Illustrated notes

Levels and vault maps discovered:
D:1:      nagdon_arrival_zigzag_paths, layout_basic
D:2:      kennysheep_the_goblin_king, layout_basic,
          chequers_ecumenical_altar_simple_redux, skrybe_limestone_x,
          small_statue_intersection

Skill      XL: |  1  2 |
---------------+-------+-----
Axes           | 3 |  3.8
Fighting       | |  3.2
Armour         | |  3.2
Shields        | |  3.6

Action                   || total
-------------------------++-------
Melee: War axe           ||    81
       Unarmed           ||    12
Armor: Scale mail        ||    35
       Plate armour      ||    12
Dodge: Dodged            ||    44

Table legend: (Time is in decaauts)
 A = Elapsed time spent in this place.
 B = Non-inter-level travel time spent in this place.
 C = Inter-level travel time spent in this place.
 D = Time resting spent in this place.
 E = Time spent auto-exploring this place.
 F = Levels seen in this place.
 G = Mean time per level.
                   A        B        C        D        E       F      G
               +--------+--------+--------+--------+--------+-----+--------+
         Total |   1553 |   1547 |      6 |      0 |   1278 |   2 |  776.5 |
       Dungeon |   1553 |   1547 |      6 |      0 |   1278 |   2 |  776.5 |
               +--------+--------+--------+--------+--------+-----+--------+

Top non-repeatable levels by time:
     D:1: 889 daAuts
     D:2: 663 daAuts
